[Event "Fall GM Norm Invitational 2020"]
[Site "Charlotte"]
[Date "2020.10.01"]
[Round "1.1"]
[White "Gauri, Shankar"]
[Black "Dragun, Kamil"]
[Result "0-1"]
[ECO "D02"]
[WhiteElo "2353"]
[BlackElo "2561"]
[Annotator "ChessBase"]
[PlyCount "78"]
[EventDate "2020.09.30"]
[EventType "tourn"]
[EventCountry "USA"]
[SourceTitle "playchess.com"]
[Source "ChessBase"]
[SourceQuality "1"]
[TimeControl "5400+30"]

1. Nf3 d5 2. g3 g6 3. Bg2 Bg7 4. d4 c6 5. O-O Nf6 6. a4 O-O 7. a5 Ne4 8. c4 dxc4 9. Qc2 Nd6 10. Nbd2 Be6 11. Rd1 Na6 12. Ne5 Nb5 13. Ndf3 c5 14. dxc5 Qc7 15. Bf4 Qxc5 16. Nd7 Bxd7 17. Rxd7 Nb4 18. Qd2 c3 19. bxc3 Nxc3 20. Rc1 Nbd5 21. Rc2 Qb5 22. Bh3 f5 23. Ne5 Bxe5 24. Bxe5 Qxd7 25. Bxc3 Rad8 26. Ba1 Nf6 27. Qc3 Rc8 28. Qb3+ Qd5 29. Qb1 Rxc2 30. Qxc2 Rd8 31. Bf1 Qxa5 32. Bb2 Kg7 33. e3 Rd2 34. Qb3 Qd5 35. Qa3 Qd6 36. Qc3 Rd1 37. Kg2 Qd5+ 38. e4 Qxe4+ 39. f3 Qe1 0-1

[Event "Fall GM Norm Invitational 2020"]
[Site "Charlotte"]
[Date "2020.10.01"]
[Round "1.2"]
[White "Ostrovskiy, Aleksandr"]
[Black "Fernandez, Daniel"]
[Result "1-0"]
[ECO "A37"]
[WhiteElo "2427"]
[BlackElo "2470"]
[Annotator "ChessBase"]
[PlyCount "77"]
[EventDate "2020.09.30"]
[EventType "tourn"]
[EventCountry "USA"]
[SourceTitle "playchess.com"]
[Source "ChessBase"]
[SourceQuality "1"]
[TimeControl "5400+30"]

1. c4 c5 2. g3 Nc6 3. Bg2 g6 4. Nc3 Bg7 5. Nf3 d6 6. O-O e5 7. d3 Nge7 8. a3 a5 9. Bd2 O-O 10. Rb1 h6 11. Qa4 Bg4 12. Rfc1 Nd4 13. Qd1 Nxf3+ 14. exf3 Bf5 15. Ne4 a4 16. b4 axb3 17. Rxb3 Nc6 18. Be3 Be6 19. Nc3 Nd4 20. Bxd4 exd4 21. Ne2 g5 22. f4 b5 23. cxb5 Bxb3 24. Qxb3 Rb8 25. fxg5 hxg5 26. a4 Re8 27. Kf1 Qa5 28. Rc2 Re5 29. Bc6 Bf6 30. g4 Bd8 31. Kg2 Qe1 32. Ng3 Ba5 33. Be4 Qd1 34. h3 Rd8 35. Bf3 Qe1 36. Nf5 Kf8 37. Nh6 Rd7 38. Bc6 Rc7 39. b6 1-0

[Event "Fall GM Norm Invitational 2020"]
[Site "Charlotte"]
[Date "2020.10.01"]
[Round "1.3"]
[White "Mista, Aleksander"]
[Black "Stremavicius, Titas"]
[Result "1-0"]
[ECO "B85"]
[WhiteElo "2574"]
[BlackElo "2517"]
[Annotator "ChessBase"]
[PlyCount "65"]
[EventDate "2020.09.30"]
[EventType "tourn"]
[EventCountry "USA"]
[SourceTitle "playchess.com"]
[Source "ChessBase"]
[SourceQuality "1"]
[TimeControl "5400+30"]

1. e4 c5 2. Nf3 Nc6 3. d4 cxd4 4. Nxd4 Nf6 5. Nc3 e6 6. Be2 d6 7. Be3 a6 8. f4 Bd7 9. O-O Qc7 10. Kh1 Be7 11. Qe1 O-O 12. Qg3 b5 13. a3 Kh8 14. Rae1 b4 15. axb4 Nxb4 16. e5 Nfd5 17. Nxd5 Nxd5 18. Bg1 Rab8 19. Bxa6 dxe5 20. fxe5 Rxb2 21. Bd3 Ra2 22. Qh3 g6 23. c4 Nb4 24. Bb1 Ra5 25. Qh6 Qd8 26. Nf3 Kg8 27. Rd1 Qc8 28. Be3 f5 29. exf6 Bxf6 30. Bxg6 hxg6 31. Qxg6+ Kh8 32. Ng5 Bxg5 33. Bxg5 1-0

[Event "Fall GM Norm Invitational 2020"]
[Site "Charlotte"]
[Date "2020.10.01"]
[Round "1.4"]
[White "Mishra, Abhimanyu"]
[Black "Liang, Jason"]
[Result "1/2-1/2"]
[ECO "C16"]
[WhiteElo "2342"]
[BlackElo "2367"]
[Annotator "ChessBase"]
[PlyCount "133"]
[EventDate "2020.09.30"]
[EventType "tourn"]
[EventCountry "USA"]
[SourceTitle "playchess.com"]
[Source "ChessBase"]
[SourceQuality "1"]
[TimeControl "5400+30"]

1. e4 e6 2. d4 d5 3. Nc3 Bb4 4. e5 b6 5. Qg4 Kf8 6. a3 Be7 7. Nf3 c5 8. Bd3 Nc6 9. O-O a6 10. Bf4 h5 11. Qg3 c4 12. Be2 Nh6 13. Bxh6 Rxh6 14. Nd1 b5 15. c3 g6 16. Nd2 Ke8 17. Ne3 Kd7 18. Qh3 Kc7 19. g4 Bd7 20. f4 Qh8 21. gxh5 Rg8 22. Kh1 gxh5 23. f5 Bg5 24. fxe6 Bxe6 25. Qf3 Rd8 26. Rae1 Rg6 27. Bd1 Qh6 28. Bc2 Rg7 29. Nb1 Ne7 30. Nf5 Bxf5 31. Bxf5 Rdg8 32. Bh3 Qh7 33. Rg1 Bh4 34. Rxg7 Rxg7 35. Rf1 Bg5 36. a4 bxa4 37. Na3 Qd3 38. Bg2 h4 39. h3 Qxf3 40. Rxf3 Bc1 41. Rf2 Kd7 42. Rc2 Be3 43. Nb1 Nf5 44. Nd2 Ng3+ 45. Kh2 Bf4 46. Kg1 Nf5 47. Nf1 Ke6 48. Kh1 Ng3+ 49. Kg1 Nxf1 50. Kxf1 Rg8 51. Rf2 Bg5 52. Re2 Rb8 53. Rc2 Rb3 54. Bf3 a3 55. bxa3 Rxa3 56. Bg4+ Ke7 57. Bf3 Ra5 58. Rb2 Ke6 59. Bg4+ Ke7 60. Rb7+ Kf8 61. Bh5 Be7 62. Rb8+ Kg7 63. Rb7 Ra1+ 64. Ke2 Kf8 65. Rb8+ Kg7 66. Rb7 Kf8 67. e6 1/2-1/2

[Event "Fall GM Norm Invitational 2020"]
[Site "Charlotte"]
[Date "2020.10.01"]
[Round "1.5"]
[White "Niemann, Hans Moke"]
[Black "Daggupati, Balaji"]
[Result "1-0"]
[ECO "A09"]
[WhiteElo "2465"]
[BlackElo "2331"]
[Annotator "ChessBase"]
[PlyCount "53"]
[EventDate "2020.09.30"]
[EventType "tourn"]
[EventCountry "USA"]
[SourceTitle "playchess.com"]
[Source "ChessBase"]
[SourceQuality "1"]
[TimeControl "5400+30"]

1. Nf3 d5 2. c4 d4 3. b4 Bg4 4. Qb3 c6 5. g3 d3 6. h3 Bh5 7. Bg2 dxe2 8. Nc3 Nd7 9. d4 e5 10. g4 exd4 11. Nxd4 Bg6 12. Ncxe2 h5 13. g5 c5 14. Nb5 a6 15. Qe3+ Be7 16. Nd6+ Kf8 17. Nxb7 Qc7 18. O-O Re8 19. Nf4 Bf5 20. Re1 cxb4 21. Bb2 Rh7 22. Rad1 Qb8 23. Rd5 g6 24. Rxf5 gxf5 25. g6 fxg6 26. Nxg6+ Kf7 27. Qe6# 1-0

[Event "Fall GM Norm Invitational 2020"]
[Site "Charlotte"]
[Date "2020.10.01"]
[Round "2.1"]
[White "Gauri, Shankar"]
[Black "Ostrovskiy, Aleksandr"]
[Result "0-1"]
[ECO "D13"]
[WhiteElo "2353"]
[BlackElo "2427"]
[Annotator "ChessBase"]
[PlyCount "76"]
[EventDate "2020.09.30"]
[EventType "tourn"]
[EventCountry "USA"]
[SourceTitle "playchess.com"]
[Source "ChessBase"]
[SourceQuality "1"]
[TimeControl "5400+30"]

1. Nf3 d5 2. c4 c6 3. cxd5 cxd5 4. d4 Nf6 5. Nc3 Nc6 6. Bf4 a6 7. Rc1 Bf5 8. e3 Rc8 9. Be2 e6 10. O-O Nd7 11. Na4 Be7 12. a3 g5 13. Bg3 h5 14. h3 h4 15. Bh2 g4 16. hxg4 Bxg4 17. Ne5 Bxe2 18. Qxe2 Ncxe5 19. dxe5 b5 20. Nc3 Rg8 21. Kh1 Rc4 22. e4 d4 23. Na2 Nc5 24. Rxc4 d3 25. Qe3 bxc4 26. f4 Nb3 27. f5 Qd4 28. Qxd4 Nxd4 29. Nc3 Rg4 30. Bg1 Ne2 31. Kh2 Nxc3 32. bxc3 Rxe4 33. f6 Bxa3 34. Bd4 d2 35. Rb1 Rxd4 36. cxd4 Bc1 37. Rb8+ Kd7 38. Rb7+ Kc6 0-1

[Event "Fall GM Norm Invitational 2020"]
[Site "Charlotte"]
[Date "2020.10.01"]
[Round "2.2"]
[White "Liang, Jason"]
[Black "Niemann, Hans Moke"]
[Result "1/2-1/2"]
[ECO "C70"]
[WhiteElo "2367"]
[BlackElo "2465"]
[Annotator "ChessBase"]
[PlyCount "182"]
[EventDate "2020.09.30"]
[EventType "tourn"]
[EventCountry "USA"]
[SourceTitle "playchess.com"]
[Source "ChessBase"]
[SourceQuality "1"]
[TimeControl "5400+30"]

1. e4 e5 2. Nf3 Nc6 3. Bb5 g6 4. c3 a6 5. Ba4 Bg7 6. d4 exd4 7. cxd4 b5 8. Bb3 Na5 9. d5 Nxb3 10. axb3 d6 11. Nc3 b4 12. Na2 Rb8 13. Bg5 f6 14. Bd2 a5 15. Nc1 Ne7 16. O-O O-O 17. Rxa5 c5 18. Ra7 Rb7 19. Rxb7 Bxb7 20. Ne2 g5 21. Ng3 h6 22. h4 Bc8 23. Nh2 f5 24. exf5 gxh4 25. Nh5 Nxf5 26. Re1 Qd7 27. Qg4 Qf7 28. Nxg7 Qxg7 29. Ra1 Kh7 30. Qxg7+ Kxg7 31. Bf4 Re8 32. Nf1 Re4 33. Bh2 Kg6 34. Nd2 Rg4 35. f3 Rd4 36. Nc4 Bb7 37. Nxd6 Nxd6 38. Bxd6 Rxd5 39. Bf4 Rd3 40. Ra7 Bd5 41. Rd7 Kf5 42. Bxh6 Ke6 43. Rc7 Rxb3 44. Rxc5 Rxb2 45. Bg7 Rd2 46. Rb5 b3 47. Rb4 h3 48. gxh3 Rd3 49. h4 Rxf3 50. Kh2 Rf1 51. Rb6+ Kf7 52. Be5 Rf5 53. Ba1 Rf1 54. Be5 Be6 55. Kg2 Rf5 56. Bb2 Rf4 57. h5 Rg4+ 58. Kf3 Rh4 59. Rb7+ Ke8 60. Rb5 Rh2 61. Bg7 Bc4 62. Rb8+ Kd7 63. h6 Kc6 64. Kg3 Rh1 65. Kg2 Rh5 66. Kf3 Bb5 67. Kg4 Rh2 68. Kg3 Rh1 69. Kg2 Rh5 70. Kg3 Kc5 71. Rc8+ Kb4 72. Bc3+ Ka3 73. Ra8+ Ba4 74. Bg7 Kb4 75. Rb8+ Bb5 76. Rc8 Rh1 77. Kg2 Rh5 78. Kg3 Ba4 79. Rb8+ Kc5 80. Rc8+ Bc6 81. Rb8 Bd5 82. Kg4 Rh1 83. Kf5 Bc4 84. Rc8+ Kd5 85. Rd8+ Kc5 86. Rc8+ Kb4 87. Rb8+ Bb5 88. Kg6 Rg1+ 89. Kf7 Rf1+ 90. Kg8 Ka4 91. Ra8+ Kb4 1/2-1/2

[Event "Fall GM Norm Invitational 2020"]
[Site "Charlotte"]
[Date "2020.10.01"]
[Round "2.3"]
[White "Stremavicius, Titas"]
[Black "Mishra, Abhimanyu"]
[Result "1/2-1/2"]
[ECO "A03"]
[WhiteElo "2517"]
[BlackElo "2342"]
[Annotator "ChessBase"]
[PlyCount "91"]
[EventDate "2020.09.30"]
[EventType "tourn"]
[EventCountry "USA"]
[SourceTitle "playchess.com"]
[Source "ChessBase"]
[SourceQuality "1"]
[TimeControl "5400+30"]

1. f4 d5 2. Nf3 g6 3. g3 Bg7 4. Bg2 Nf6 5. O-O O-O 6. a4 c5 7. d3 Nc6 8. c3 Qc7 9. Na3 Rd8 10. Qc2 d4 11. e4 dxe3 12. Bxe3 Bf5 13. Rad1 b6 14. Nh4 Bg4 15. Rde1 Nd5 16. h3 Nxe3 17. Rxe3 Bd7 18. Nb5 Qc8 19. g4 a6 20. Na3 e6 21. Qf2 f5 22. gxf5 gxf5 23. Nf3 Re8 24. Nc4 Qc7 25. Rfe1 b5 26. axb5 axb5 27. Nce5 Rad8 28. Nxc6 Bxc6 29. Rxe6 Rxe6 30. Rxe6 Bxf3 31. Qxf3 b4 32. cxb4 cxb4 33. b3 Qc3 34. Qc6 Qxc6 35. Rxc6 Rxd3 36. Bf1 Rd4 37. Bc4+ Kf8 38. Rc7 Bh6 39. Rf7+ Ke8 40. Rxf5 Bxf4 41. Kf2 Bd2 42. Ke2 h6 43. Bd3 Bg5 44. Rb5 Rh4 45. Bf5 Rf4 46. Bd3 1/2-1/2

[Event "Fall GM Norm Invitational 2020"]
[Site "Charlotte"]
[Date "2020.10.01"]
[Round "2.4"]
[White "Fernandez, Daniel"]
[Black "Mista, Aleksander"]
[Result "1-0"]
[ECO "B76"]
[WhiteElo "2470"]
[BlackElo "2574"]
[Annotator "ChessBase"]
[PlyCount "81"]
[EventDate "2020.09.30"]
[EventType "tourn"]
[EventCountry "USA"]
[SourceTitle "playchess.com"]
[Source "ChessBase"]
[SourceQuality "1"]
[TimeControl "5400+30"]

1. e4 c5 2. Nf3 d6 3. d4 cxd4 4. Nxd4 Nf6 5. Nc3 g6 6. Be3 Bg7 7. f3 Nc6 8. Qd2 O-O 9. g4 Be6 10. Nxe6 fxe6 11. O-O-O Ne5 12. Be2 Qc8 13. Kb1 Ne8 14. Rhf1 Nc4 15. Bxc4 Qxc4 16. Ne2 Nc7 17. h4 a5 18. h5 Nb5 19. Qd3 Qb4 20. c3 Qa4 21. b3 Na3+ 22. Kb2 Qc6 23. Kxa3 b5 24. Kb2 b4 25. Bd4 a4 26. Bxg7 axb3 27. axb3 Kxg7 28. cxb4 e5 29. hxg6 hxg6 30. f4 Qb6 31. Qd2 Rh8 32. Rh1 Qa7 33. Rxh8 Qa3+ 34. Kc2 Rxh8 35. Nc3 Rc8 36. Rb1 Qxb4 37. fxe5 Qxe4+ 38. Kb2 Qxg4 39. exd6 exd6 40. Ra1 Rc7 41. Nd5 1-0

[Event "Fall GM Norm Invitational 2020"]
[Site "Charlotte"]
[Date "2020.10.01"]
[Round "2.5"]
[White "Dragun, Kamil"]
[Black "Daggupati, Balaji"]
[Result "1/2-1/2"]
[ECO "D31"]
[WhiteElo "2561"]
[BlackElo "2331"]
[Annotator "ChessBase"]
[PlyCount "99"]
[EventDate "2020.09.30"]
[EventType "tourn"]
[EventCountry "USA"]
[SourceTitle "playchess.com"]
[Source "ChessBase"]
[SourceQuality "1"]
[TimeControl "5400+30"]

1. d4 d5 2. c4 e6 3. Nc3 c6 4. cxd5 exd5 5. Nf3 Bf5 6. Bf4 Bd6 7. Bxd6 Qxd6 8. Qb3 Qc7 9. e3 Nf6 10. Nh4 Bg6 11. Rc1 Qb6 12. Nxg6 Qxb3 13. axb3 hxg6 14. b4 a6 15. Na4 Nbd7 16. Nc5 Rb8 17. f3 Ke7 18. Bd3 Nf8 19. Kf2 Ne6 20. h4 Ne8 21. g4 Nd6 22. Kg3 Rh6 23. Rce1 Rd8 24. Bb1 Rhh8 25. Rh2 Rh6 26. Ba2 g5 27. h5 Rdh8 28. Bb1 g6 29. Nxe6 Kxe6 30. f4 gxf4+ 31. exf4+ Kd7 32. Rhe2 gxh5 33. Re7+ Kd8 34. g5 h4+ 35. Kh3 Rh5 36. Bc2 Re8 37. Rxe8+ Nxe8 38. Kg4 Rh8 39. Rh1 Nd6 40. Bd3 Ne4 41. Bxe4 dxe4 42. Rh3 Kd7 43. f5 Kd6 44. g6 fxg6 45. fxg6 Kd5 46. Rxh4 Rxh4+ 47. Kxh4 Ke6 48. Kg4 Kf6 49. Kf4 Kxg6 50. Kxe4 1/2-1/2

[Event "Fall GM Norm Invitational 2020"]
[Site "Charlotte"]
[Date "2020.10.02"]
[Round "3.3"]
[White "Mishra, Abhimanyu"]
[Black "Fernandez, Daniel"]
[Result "1/2-1/2"]
[ECO "B90"]
[WhiteElo "2342"]
[BlackElo "2470"]
[Annotator "ChessBase"]
[PlyCount "74"]
[EventDate "2020.09.30"]
[EventType "tourn"]
[EventCountry "USA"]
[SourceTitle "playchess.com"]
[Source "ChessBase"]
[SourceQuality "1"]
[TimeControl "5400+30"]

1. e4 c5 2. Nf3 d6 3. d4 cxd4 4. Nxd4 Nf6 5. Nc3 a6 6. Bd3 g6 7. f3 e5 8. Nb3 Be6 9. Bg5 Nbd7 10. Qd2 h6 11. Be3 b5 12. Be2 Nb6 13. Bxb6 Qxb6 14. a4 b4 15. Nd5 Bxd5 16. exd5 h5 17. a5 Qb7 18. O-O Bh6 19. Qd3 Qxd5 20. Ra4 Qxd3 21. Bxd3 O-O 22. Rxb4 Nd5 23. Rb7 Nf4 24. Rd1 Nxd3 25. Rxd3 Rfc8 26. c3 Rab8 27. Rb6 d5 28. Kf1 Rxb6 29. axb6 Rb8 30. Rxd5 Rxb6 31. Nc5 Rxb2 32. Nxa6 f6 33. Nb4 Be3 34. Rd3 Bc5 35. Rd8+ Kf7 36. Nd3 Rb1+ 37. Ke2 Be7 1/2-1/2

[Event "Fall GM Norm Invitational 2020"]
[Site "Charlotte"]
[Date "2020.10.02"]
[Round "3.5"]
[White "Daggupati, Balaji"]
[Black "Liang, Jason"]
[Result "1-0"]
[ECO "C78"]
[WhiteElo "2331"]
[BlackElo "2367"]
[Annotator "ChessBase"]
[PlyCount "73"]
[EventDate "2020.09.30"]
[EventType "tourn"]
[EventCountry "USA"]
[SourceTitle "playchess.com"]
[Source "ChessBase"]
[SourceQuality "1"]
[TimeControl "5400+30"]

1. e4 e5 2. Nf3 Nc6 3. Bb5 a6 4. Ba4 Nf6 5. O-O b5 6. Bb3 Bc5 7. c3 d6 8. d4 Bb6 9. a4 Rb8 10. a5 Ba7 11. h3 O-O 12. Be3 exd4 13. cxd4 Nxe4 14. Bd5 Qe8 15. Re1 Nf6 16. Bg5 Nxd5 17. Rxe8 Rxe8 18. Nc3 Be6 19. Qd2 Nxc3 20. bxc3 Bd5 21. Nh4 b4 22. Nf5 bxc3 23. Qxc3 Rb3 24. Re1 Re6 25. Qd2 Rxe1+ 26. Qxe1 Rb8 27. Qe2 g6 28. Ne3 Bb3 29. d5 Nxa5 30. Bh6 Ba4 31. Qa2 Rb4 32. Qd2 Rb1+ 33. Kh2 Nb3 34. Qc3 Bd4 35. Qxc7 Be5+ 36. g3 f5 37. Qd8+ 1-0

[Event "Fall GM Norm Invitational 2020"]
[Site "Charlotte"]
[Date "2020.10.02"]
[Round "4.1"]
[White "Gauri, Shankar"]
[Black "Mishra, Abhimanyu"]
[Result "1/2-1/2"]
[ECO "A05"]
[WhiteElo "2353"]
[BlackElo "2342"]
[Annotator "ChessBase"]
[PlyCount "40"]
[EventDate "2020.09.30"]
[EventType "tourn"]
[EventCountry "USA"]
[SourceTitle "playchess.com"]
[Source "ChessBase"]
[SourceQuality "1"]
[TimeControl "5400+30"]

1. Nf3 Nf6 2. g3 g6 3. b3 Bg7 4. Bb2 d5 5. Bg2 O-O 6. O-O c5 7. d3 Nc6 8. Ne5 Nxe5 9. Bxe5 Be6 10. Nd2 Nd7 11. Bxg7 Kxg7 12. c4 Nf6 13. Qc2 Rc8 14. Qb2 b6 15. cxd5 Bxd5 16. Bxd5 Qxd5 17. Nf3 Rfd8 18. Rac1 Kg8 19. Rc4 Qe6 20. Rfc1 a5 1/2-1/2

[Event "Fall GM Norm Invitational 2020"]
[Site "Charlotte"]
[Date "2020.10.02"]
[Round "4.2"]
[White "Stremavicius, Titas"]
[Black "Daggupati, Balaji"]
[Result "0-1"]
[ECO "A28"]
[WhiteElo "2517"]
[BlackElo "2331"]
[Annotator "ChessBase"]
[PlyCount "56"]
[EventDate "2020.09.30"]
[EventType "tourn"]
[EventCountry "USA"]
[SourceTitle "playchess.com"]
[Source "ChessBase"]
[SourceQuality "1"]
[TimeControl "5400+30"]

1. c4 e5 2. Nc3 Nf6 3. Nf3 Nc6 4. e3 Bb4 5. Qc2 Bxc3 6. bxc3 O-O 7. e4 d6 8. g3 Nd7 9. Nh4 Nc5 10. Be2 Bh3 11. f3 Ne6 12. Bf1 Bxf1 13. Kxf1 g6 14. Kf2 Na5 15. d3 c6 16. Re1 d5 17. exd5 cxd5 18. Bh6 dxc4 19. Bxf8 cxd3 20. Qa4 Qb6+ 21. Kf1 Rxf8 22. Rxe5 Qb2 23. Ree1 d2 24. Qxa5 dxe1=Q+ 25. Rxe1 Qxh2 26. Qe5 Rd8 27. Re2 Rd1+ 28. Re1 Rd2 0-1

[Event "Fall GM Norm Invitational 2020"]
[Site "Charlotte"]
[Date "2020.10.02"]
[Round "4.3"]
[White "Fernandez, Daniel"]
[Black "Niemann, Hans Moke"]
[Result "1/2-1/2"]
[ECO "B00"]
[WhiteElo "2470"]
[BlackElo "2465"]
[Annotator "ChessBase"]
[PlyCount "100"]
[EventDate "2020.09.30"]
[EventType "tourn"]
[EventCountry "USA"]
[SourceTitle "playchess.com"]
[Source "ChessBase"]
[SourceQuality "1"]
[TimeControl "5400+30"]

1. e4 e5 2. Nf3 Nc6 3. Nc3 Nf6 4. Be2 d6 5. d4 Bg4 6. d5 Ne7 7. h3 Bc8 8. Be3 c6 9. dxc6 bxc6 10. Bc4 Be6 11. Qe2 Ng6 12. Ng5 Bxc4 13. Qxc4 Qd7 14. O-O-O Rd8 15. h4 h6 16. h5 hxg5 17. hxg6 Rxh1 18. Qxf7+ Qxf7 19. gxf7+ Kxf7 20. Rxh1 g4 21. Bxa7 Ra8 22. Bb6 d5 23. exd5 cxd5 24. Bc7 Ke6 25. Re1 Nd7 26. f4 gxf3 27. gxf3 g5 28. Rd1 d4 29. Nb5 Rxa2 30. Bd8 Kf5 31. c3 Ra1+ 32. Kc2 Rxd1 33. Kxd1 d3 34. Kd2 Nc5 35. b4 Ne6 36. Bb6 e4 37. Nc7 Nf4 38. fxe4+ Kxe4 39. Na6 Ng6 40. Nc5+ Bxc5 41. Bxc5 Ne5 42. b5 Nc4+ 43. Ke1 Kd5 44. Bf2 Na5 45. Kd2 Kc4 46. b6 Nb7 47. Bg3 Nc5 48. Be5 g4 49. Ke3 Kb3 50. b7 Nxb7 1/2-1/2

[Event "Fall GM Norm Invitational 2020"]
[Site "Charlotte"]
[Date "2020.10.02"]
[Round "4.4"]
[White "Dragun, Kamil"]
[Black "Liang, Jason"]
[Result "1-0"]
[ECO "B10"]
[WhiteElo "2561"]
[BlackElo "2367"]
[Annotator "RC"]
[PlyCount "73"]
[EventDate "2020.09.30"]
[EventType "tourn"]
[EventCountry "USA"]
[SourceTitle "playchess.com"]
[Source "ChessBase"]
[SourceQuality "1"]
[TimeControl "5400+30"]

1. e4 c6 2. Nf3 d5 3. d3 Qc7 4. Nc3 dxe4 5. dxe4 e5 6. Bc4 Bg4 7. h3 Bh5 8. g4 Bg6 9. Nh4 Nd7 10. Qf3 Nb6 11. Nxg6 hxg6 12. Bb3 Nf6 13. a4 Bb4 14. a5 Nc8 15. Bg5 Nh7 16. Be3 Nd6 17. a6 b6 18. O-O-O Rd8 19. h4 Bxc3 20. bxc3 Nf6 21. Bg5 Ke7 22. h5 gxh5 23. gxh5 Nde8 24. Rxd8 Qxd8 25. Qf5 Qc7 26. f4 Kf8 27. Bxf6 gxf6 28. Rd1 Ng7 29. Qd7 Ne8 30. Bxf7 Qxd7 31. Rxd7 exf4 32. Bg6 f3 33. Kd2 b5 34. Ke3 c5 35. Kxf3 b4 36. cxb4 cxb4 37. Rxa7 1-0

[Event "Fall GM Norm Invitational 2020"]
[Site "Charlotte"]
[Date "2020.10.03"]
[Round "5.2"]
[White "Mishra, Abhimanyu"]
[Black "Ostrovskiy, Aleksandr"]
[Result "1/2-1/2"]
[ECO "C18"]
[WhiteElo "2342"]
[BlackElo "2427"]
[Annotator "ChessBase"]
[PlyCount "121"]
[EventDate "2020.09.30"]
[EventType "tourn"]
[EventCountry "USA"]
[SourceTitle "playchess.com"]
[Source "ChessBase"]
[SourceQuality "1"]
[TimeControl "5400+30"]

1. e4 e6 2. d4 d5 3. Nc3 Bb4 4. e5 c5 5. a3 Bxc3+ 6. bxc3 Ne7 7. Qg4 Qc7 8. Bd3 c4 9. Be2 Qa5 10. Bd2 Nf5 11. Nf3 Qa4 12. Ra2 Nc6 13. O-O h6 14. Qh5 Bd7 15. h4 Rf8 16. Qg4 O-O-O 17. h5 Qa5 18. Rd1 f6 19. exf6 Rxf6 20. Ne5 Nxe5 21. dxe5 Rf7 22. Raa1 Rdf8 23. Qh3 Ba4 24. Rac1 Qc5 25. Bg4 Kb8 26. Bxf5 Rxf5 27. Be3 Qc7 28. f4 b6 29. Rf1 Ka8 30. Rf2 Bd7 31. Rcf1 R5f7 32. Bd4 Qc8 33. Rf3 Rg8 34. Qg4 Rf5 35. Qh4 g6 36. hxg6 Rxg6 37. Rg3 Rxg3 38. Qxg3 Qf8 39. Qh4 h5 40. g3 Ba4 41. Rf2 Kb7 42. Kg2 Kc7 43. Kf3 Qxa3 44. Rg2 Qc1 45. Qe7+ Bd7 46. Rh2 Qd1+ 47. Kg2 Qxc2+ 48. Kh3 Qd1 49. Ra2 Qh1+ 50. Rh2 Qd1 51. Ra2 Qh1+ 52. Rh2 Qf1+ 53. Rg2 h4 54. Qa3 hxg3 55. Qxa7+ Kd8 56. Qxb6+ Ke8 57. Qb8+ Kf7 58. Qc7 Ke8 59. Qb8+ Kf7 60. Qc7 Ke8 61. Qb8+ 1/2-1/2

[Event "Fall GM Norm Invitational 2020"]
[Site "Charlotte"]
[Date "2020.10.03"]
[Round "5.4"]
[White "Daggupati, Balaji"]
[Black "Fernandez, Daniel"]
[Result "1-0"]
[ECO "B86"]
[WhiteElo "2331"]
[BlackElo "2470"]
[Annotator "ChessBase"]
[PlyCount "65"]
[EventDate "2020.09.30"]
[EventType "tourn"]
[EventCountry "USA"]
[SourceTitle "playchess.com"]
[Source "ChessBase"]
[SourceQuality "1"]
[TimeControl "5400+30"]

1. e4 c5 2. Nf3 d6 3. d4 cxd4 4. Nxd4 Nf6 5. Nc3 a6 6. Bc4 e6 7. Bb3 Nbd7 8. f4 Nc5 9. e5 Nfd7 10. exd6 Nf6 11. Qf3 Bxd6 12. Be3 O-O 13. O-O-O Qc7 14. Kb1 Nxb3 15. Nxb3 Bd7 16. Rhf1 Bc6 17. Qh3 b5 18. Bd4 b4 19. Bxf6 gxf6 20. Rd3 f5 21. Nd4 Bxf4 22. Nxc6 bxc3 23. Qh4 Qxc6 24. Qxf4 Rfb8 25. b3 Kf8 26. Qh6+ Ke8 27. Rg3 Qb5 28. Re1 Qd5 29. Rxc3 Rd8 30. Rg3 Rd6 31. Qf6 Kd7 32. Qxf7+ Kc6 33. Rd3 1-0

[Event "Fall GM Norm Invitational 2020"]
[Site "Charlotte"]
[Date "2020.10.03"]
[Round "5.5"]
[White "Liang, Jason"]
[Black "Stremavicius, Titas"]
[Result "1/2-1/2"]
[ECO "A80"]
[WhiteElo "2367"]
[BlackElo "2517"]
[Annotator "ChessBase"]
[PlyCount "97"]
[EventDate "2020.09.30"]
[EventType "tourn"]
[EventCountry "USA"]
[SourceTitle "playchess.com"]
[Source "ChessBase"]
[SourceQuality "1"]
[TimeControl "5400+30"]

1. d4 f5 2. Qd3 d5 3. c4 e6 4. Nf3 c6 5. Bf4 Nf6 6. Nc3 Bd6 7. g3 O-O 8. Bg2 Qe7 9. O-O Nbd7 10. cxd5 cxd5 11. Bxd6 Qxd6 12. e3 a6 13. Rfc1 b5 14. Rc2 Bb7 15. Rac1 Rfc8 16. Ne2 Ne4 17. Rxc8+ Rxc8 18. Rxc8+ Bxc8 19. Qc2 Bb7 20. Nf4 Kf7 21. Nd3 Ke7 22. Nfe5 Nef6 23. Qc3 Qb6 24. b4 Nxe5 25. Nxe5 Nd7 26. Nd3 Qc6 27. Qd2 Bc8 28. h4 Qc7 29. Kh2 Nb6 30. Nc5 Nd7 31. Nd3 Nb6 32. Nf4 Qc4 33. Ne2 Bd7 34. Kg1 Be8 35. Bf1 Na4 36. e4 dxe4 37. Qg5+ Kd6 38. Qxg7 Bc6 39. Qxh7 e3 40. fxe3 Qd5 41. Qh6 Qh1+ 42. Kf2 Nb2 43. Qf8+ Kd7 44. Qg7+ Kc8 45. Qf8+ Kd7 46. Qf7+ Kd6 47. Qf8+ Kd7 48. Qg7+ Kc8 49. Qf8+ 1/2-1/2

[Event "Fall GM Norm Invitational 2020"]
[Site "Charlotte"]
[Date "2020.10.03"]
[Round "6.1"]
[White "Gauri, Shankar"]
[Black "Daggupati, Balaji"]
[Result "0-1"]
[ECO "A13"]
[WhiteElo "2353"]
[BlackElo "2331"]
[Annotator "ChessBase"]
[PlyCount "86"]
[EventDate "2020.09.30"]
[EventType "tourn"]
[EventCountry "USA"]
[SourceTitle "playchess.com"]
[Source "ChessBase"]
[SourceQuality "1"]
[TimeControl "5400+30"]

1. Nf3 d5 2. c4 e6 3. g3 dxc4 4. Qa4+ Nd7 5. Qxc4 a6 6. Bg2 b5 7. Qb3 Bb7 8. O-O c5 9. d3 Ngf6 10. a4 Bd5 11. Qc2 Be7 12. Nc3 Bc6 13. Ng5 Bxg2 14. Kxg2 O-O 15. Qb3 h6 16. Nf3 c4 17. dxc4 Nc5 18. Qa2 b4 19. Nd1 b3 20. Qb1 Nfe4 21. Be3 Qa5 22. Bxc5 Nxc5 23. Ne3 Qb4 24. a5 Rfd8 25. Qe1 Qb7 26. Qc1 Bf6 27. Kg1 h5 28. h4 Qb4 29. Ng2 Na4 30. Rb1 Rac8 31. Nf4 Rxc4 32. Qe3 Re4 33. Qa7 Qxa5 34. Rfd1 Rf8 35. Rd3 Rb4 36. Rd6 Nxb2 37. Rxa6 Qf5 38. Re1 Bc3 39. Ra5 Qc2 40. Rf1 Rxf4 41. gxf4 Bxa5 42. Qxa5 Qxe2 43. Qxh5 Nd3 0-1

[Event "Fall GM Norm Invitational 2020"]
[Site "Charlotte"]
[Date "2020.10.03"]
[Round "6.2"]
[White "Fernandez, Daniel"]
[Black "Liang, Jason"]
[Result "1-0"]
[ECO "B13"]
[WhiteElo "2470"]
[BlackElo "2367"]
[Annotator "ChessBase"]
[PlyCount "129"]
[EventDate "2020.09.30"]
[EventType "tourn"]
[EventCountry "USA"]
[SourceTitle "playchess.com"]
[Source "ChessBase"]
[SourceQuality "1"]
[TimeControl "5400+30"]

1. e4 c6 2. d4 d5 3. exd5 cxd5 4. Bd3 Nc6 5. c3 Nf6 6. Bf4 g6 7. Na3 Nh5 8. Be3 f6 9. Qb3 a6 10. Ne2 b5 11. Ng3 Nxg3 12. hxg3 f5 13. g4 e6 14. gxf5 exf5 15. g4 Na5 16. Qd1 Bxa3 17. bxa3 O-O 18. Bh6 Re8+ 19. Kf1 fxg4 20. Qd2 Qf6 21. Qf4 Qxf4 22. Bxf4 Bd7 23. Kg2 Rac8 24. Rac1 Nc4 25. Rh6 Rf8 26. Bg3 Bf5 27. Bxf5 Rxf5 28. Rch1 Rf7 29. R1h4 Re8 30. Rxg4 Re2 31. Kh3 Rxa2 32. Rh5 Rd7 33. Rgg5 Nb6 34. f4 Kf8 35. Rh4 Rf7 36. f5 Rxf5 37. Rxf5+ gxf5 38. Rxh7 Rxa3 39. Rc7 Nc4 40. Rxc4 Rb3 41. Rc7 Ke8 42. Kh4 a5 43. Bd6 Kd8 44. Kg5 a4 45. Kxf5 a3 46. Ra7 Rxc3 47. Ke6 b4 48. Ra8+ Rc8 49. Rxc8+ Kxc8 50. Bxb4 a2 51. Bc3 Kc7 52. Kxd5 Kb6 53. Kc4 Kc6 54. Kb3 Kb5 55. Kxa2 Kc4 56. Kb2 Kd5 57. Kb3 Kc6 58. Kc4 Kd6 59. d5 Kd7 60. Be5 Ke7 61. Kb5 Kd7 62. Kb6 Kd8 63. Kc6 Kc8 64. d6 Kd8 65. Bf6+ 1-0